Lightning vs Penguins

Created - 10 décembre 2023 at 20:02

Goals
1 2 3 T
Lightning 0 1 1 2
Penguins 1 2 1 4
Shots
1 2 3 T
Lightning 3 22 8 33
Penguins 13 19 3 35

GoalsPenalties
1st period
1. Penguins , Derek Ryan 2 (Mikael Granlund 10, Stefan Noesen 3) at 12:01
No Penalty
2nd period
2. Penguins , Stefan Noesen 3 (Mikael Granlund 11) at 4:23
3. Lightning , Martin Necas 10 (Nicolas Deslauriers 5, Mitchell Marner 12) at 7:40
4. Penguins , Charlie Coyle 8 (Matthew Beniers 18, Vladislav Kolyachonok 1) at 11:22
Nicolas Deslauriers (TAM) for Boarding (Minor) at 12:43
3rd period
5. Penguins , Stefan Noesen 4 (Mikael Granlund 12, Tyler Myers 4) at 12:22
6. Lightning , Martin Necas 11 (Mitchell Marner 13) at 12:48
Tyler Myers (PIT) for Diving (Minor) at 14:12
Goalie Stats
Matt Murray (TAM), 31 saves from 35 shots - (0,886), L, 4-9-1, 60:00 minutes
Spencer Knight (PIT), 31 saves from 33 shots - (0,939), W, 3-7-0, 60:00 minutes
3 StarsOfficial
1 - Stefan Noesen (PIT)
2 - Martin Necas (TAM)
3 - Mikael Granlund (PIT)
Referees : Brandon Blandina and Francois St-Laurent
Linesman : Michel Cormier and Derek Nansen
Game Note
No Game Note
Finance
Level 1 -- Attendance: 6000 (100,00%) -- Ticket Income $510,000
Level 2 -- Attendance: 4821 (96,42%) -- Ticket Income $289,260
Level 3 -- Attendance: 2000 (100,00%) -- Ticket Income $70,000
Level 4 -- Attendance: 3596 (89,90%) -- Ticket Income $71,920
Luxury Box -- Attendance: 927 (92,70%) -- Ticket Income $166,860
Game was played at the Consol Energy Center.
Total Attendance: 17344 (96,36%)
Total Ticket Income: $1,108,040
Other Income: $542,940
Total Income: $1,650,980



Team Name Goals Shots Shots Attemp Shots Blocked PIM HIT PP PK FO%
Lightning 23368112140 / 1 (0%)051%
Penguins 43563132160 / 1 (0%)049%

Lightning
Player Name POS G A P +/- PIM HIT SHT SB MP PP MP PP SHT PK MP PK SHT FO% FOT GA TA
Anthony DeangeloD0000003219:151:1410:4400% 001
Evgeni DadonovLW/RW000-1011114:110:0000:0000% 011
Filip ChytilC/LW/RW000-1003014:310:0000:43055% 2200
Frederick GaudreauC000-1001015:460:0000:17025% 400
Jakob SilfverbergLW/RW0001002023:131:5900:5900% 010
Logan O'ConnorRW000000001:570:0000:0000% 000
Martin NecasC/LW/RW2021005221:571:5900:59050% 2201
Miro HeiskanenD000-3001129:350:4501:1500% 001
Mitchell MarnerRW0221027220:211:5900:0000% 000
Morgan GeekieC/RW000-1021214:400:0000:0000% 000
Nick FolignoC/LW/RW000-1020011:390:0000:43067% 300
Nicolas DeslauriersLW/D0110210019:520:0000:0000% 000
Nikita ZadorovD0000002119:151:1400:4400% 010
Riley StillmanD000001006:290:0000:0000% 000
Teddy BluegerC/LW/RW000-2012019:220:0000:0000% 000
William CarrierLW000-1012010:200:0000:1700% 010
Zach WhitecloudD0001010011:190:0000:0000% 001
Zachary WerenskiD000-3023024:180:4501:1500% 001
Penguins
Player Name POS G A P +/- PIM HIT SHT SB MP PP MP PP SHT PK MP PK SHT FO% FOT GA TA
Alex ChiassonRW000100108:530:0000:0000% 000
Auston MatthewsC000000000:000:0000:0000% 000
Cale MakarD000-1010417:060:0000:2100% 010
Chad RuhwedelD000-1020117:471:1200:4300% 000
Charlie CoyleC/LW/RW1010013119:061:1400:3900% 110
Curtis LazarC/RW000000000:370:0000:0000% 000
Derek RyanC101100108:420:0000:000100% 100
Dmitry OrlovD0000001222:101:1201:1600% 001
J.T. MillerC/LW/RW0000038021:091:1401:2000% 030
Jack RoslovicC/RW0000005019:460:4500:00067% 310
Jesse PuljujarviRW000000000:000:0000:0000% 000
Lawson CrouseLW/RW0000031018:480:4500:39050% 201
Matt NietoLW/RW0000012018:480:0000:00035% 2000
Matthew BeniersC0110001017:560:4500:00043% 1401
Mikael GranlundC/LW/RW0331015015:521:1411:20080% 1001
Ryan MurrayD0000010222:220:4701:3800% 000
Stefan NoesenLW/RW2132004016:180:0000:0000% 000
T.J. OshieC/LW/RW0001022011:450:0000:0000% 000
Tyler MyersD0113201221:030:4700:0000% 000
Vladislav KolyachonokD0113010119:520:0000:0000% 000

Lightning

5 vs 5 Forward
Line #Left WingCenterRight WingPHYDFOFWanted %Time %Time Play
1Jakob SilfverbergMartin NecasMitchell Marner1224035%19:24
2Nicolas DeslauriersFilip ChytilTeddy Blueger1223024%13:43
3Evgeni DadonovFrederick GaudreauMorgan Geekie1222025%14:00
4William CarrierNick FolignoTeddy Blueger1221016%8:55
5 vs 5 Defense
Line #DefenseDefensePHYDFOFWanted %Time %Time Play
1Miro HeiskanenZachary Werenski1224040%22:18
2Nikita ZadorovAnthony Deangelo1223031%17:17
3Nicolas DeslauriersZach Whitecloud1222019%10:22
4Riley StillmanMiro Heiskanen1221011%6:05
Power Play Forward
Line #Left WingCenterRight WingPHYDFOFWanted %Time %Time Play
1Jakob SilfverbergMartin NecasMitchell Marner12260100%1:59
2Nicolas DeslauriersFilip ChytilMartin Necas122400%0:00
Power Play Defense
Line #DefenseDefensePHYDFOFWanted %Time %Time Play
1Miro HeiskanenZachary Werenski1226038%0:45
2Nikita ZadorovAnthony Deangelo1224062%1:14
Penalty Kill 4 Players Forward
Line #CenterWingPHYDFOFWanted %Time %Time Play
1Martin NecasJakob Silfverberg1226094%1:52
2Filip ChytilNicolas Deslauriers122406%0:07
Penalty Kill 4 Players Defense
Line #DefenseDefensePHYDFOFWanted %Time %Time Play
1Miro HeiskanenZachary Werenski1226063%1:15
2Nikita ZadorovAnthony Deangelo1224037%0:44
Penalty Kill 3 Players
Line #WingPHYDFOFWanted %Time %Time PlayDefenseDefensePHYDFOFWanted %Time %Time Play
1Martin Necas122600%0:00 Miro HeiskanenZachary Werenski122600%0:00
2Filip Chytil122400%0:00 Nikita ZadorovAnthony Deangelo122400%0:00
4 vs 4 Forward
Line #CenterWingPHYDFOFWanted %Time %Time Play
1Martin NecasJakob Silfverberg122600%0:00
2Filip ChytilNicolas Deslauriers122400%0:00
4 vs 4 Defense
Line #DefensePHYDFOFWanted %Time %Time Play
1Miro HeiskanenZachary Werenski122600%0:00
2Nikita ZadorovAnthony Deangelo122400%0:00
Last Minutes Offensive
Left WingCenterRight WingDefenseDefense
Jakob SilfverbergMartin NecasMitchell MarnerMiro HeiskanenZachary Werenski
Last Minutes Defensive
Left WingCenterRight WingDefenseDefense
Jakob SilfverbergMartin NecasMitchell MarnerMiro HeiskanenZachary Werenski
Time
Total ForwardTotal DefenseLast Minutes OffensiveLast Minutes Defensive
60:00 60:00 0:000:00
Extra Forwards
Normal PowerPlayPenalty Kill
Jakob Silfverberg, Frederick Gaudreau, Nicolas DeslauriersJakob Silfverberg, Frederick GaudreauJakob Silfverberg
Extra Defensemen
Normal PowerPlayPenalty Kill
Nicolas Deslauriers, Zach Whitecloud, Riley StillmanNicolas Deslauriers, Nicolas DeslauriersZach Whitecloud
Penalty Shots
Mitchell Marner, Martin Necas, Filip Chytil, Nick Foligno, Jakob Silfverberg
Goalie
Matt Murray, Joseph Woll
Custom OT Lines Forwards
Mitchell Marner, Martin Necas, Filip Chytil, Nick Foligno, Jakob Silfverberg, Frederick Gaudreau, Nicolas Deslauriers, Evgeni Dadonov, William Carrier, Logan O'Connor
Custom OT Lines Defensemen
Miro Heiskanen, Zachary Werenski, Nikita Zadorov, Anthony Deangelo, Nicolas Deslauriers
Scratches
None

Penguins

5 vs 5 Forward
Line #Left WingCenterRight WingPHYDFOFWanted %Time %Time Play
1J.T. MillerMatt NietoJack Roslovic0143535%19:43
2Lawson CrouseMatthew BeniersCharlie Coyle1223231%17:11
3Stefan NoesenMikael GranlundT.J. Oshie1222119%10:26
4Stefan NoesenDerek RyanAlex Chiasson1311216%8:42
5 vs 5 Defense
Line #DefenseDefensePHYDFOFWanted %Time %Time Play
1Ryan MurrayDmitry Orlov1223535%19:21
2Tyler MyersVladislav Kolyachonok1223536%20:17
3Cale MakarChad Ruhwedel1222019%10:51
4Cale MakarChad Ruhwedel1401010%5:33
Power Play Forward
Line #Left WingCenterRight WingPHYDFOFWanted %Time %Time Play
1J.T. MillerMikael GranlundCharlie Coyle1136062%1:14
2Lawson CrouseMatthew BeniersJack Roslovic1134038%0:45
Power Play Defense
Line #DefenseDefensePHYDFOFWanted %Time %Time Play
1Chad RuhwedelDmitry Orlov1226061%1:12
2Tyler MyersRyan Murray1224039%0:47
Penalty Kill 4 Players Forward
Line #CenterWingPHYDFOFWanted %Time %Time Play
1Mikael GranlundJ.T. Miller1226067%1:20
2Charlie CoyleLawson Crouse1224033%0:39
Penalty Kill 4 Players Defense
Line #DefenseDefensePHYDFOFWanted %Time %Time Play
1Ryan MurrayDmitry Orlov1226046%0:55
2Tyler MyersChad Ruhwedel1224054%1:04
Penalty Kill 3 Players
Line #WingPHYDFOFWanted %Time %Time PlayDefenseDefensePHYDFOFWanted %Time %Time Play
1J.T. Miller122600%0:00 Ryan MurrayDmitry Orlov122600%0:00
2Charlie Coyle122400%0:00 Tyler MyersChad Ruhwedel122400%0:00
4 vs 4 Forward
Line #CenterWingPHYDFOFWanted %Time %Time Play
1Charlie CoyleJ.T. Miller122600%0:00
2Matthew BeniersLawson Crouse122400%0:00
4 vs 4 Defense
Line #DefensePHYDFOFWanted %Time %Time Play
1Chad RuhwedelDmitry Orlov122600%0:00
2Tyler MyersRyan Murray122400%0:00
Last Minutes Offensive
Left WingCenterRight WingDefenseDefense
J.T. MillerMatt NietoCharlie CoyleRyan MurrayDmitry Orlov
Last Minutes Defensive
Left WingCenterRight WingDefenseDefense
J.T. MillerMatt NietoCharlie CoyleRyan MurrayDmitry Orlov
Time
Total ForwardTotal DefenseLast Minutes OffensiveLast Minutes Defensive
60:00 60:00 0:000:00
Extra Forwards
Normal PowerPlayPenalty Kill
Mikael Granlund, T.J. Oshie, Jack RoslovicMikael Granlund, T.J. OshieMikael Granlund
Extra Defensemen
Normal PowerPlayPenalty Kill
Tyler Myers, Dmitry Orlov, Chad RuhwedelDmitry Orlov, Tyler MyersDmitry Orlov
Penalty Shots
J.T. Miller, T.J. Oshie, Charlie Coyle, Lawson Crouse, Mikael Granlund
Goalie
Spencer Knight, Jack Campbell
Custom OT Lines Forwards
J.T. Miller, Matt Nieto, Charlie Coyle, Lawson Crouse, Mikael Granlund, T.J. Oshie, Jack Roslovic, Matthew Beniers, Alex Chiasson, Stefan Noesen
Custom OT Lines Defensemen
Chad Ruhwedel, Dmitry Orlov, Tyler Myers, Cale Makar, Ryan Murray
Scratches
Troy Stecher (Broken Right Foot Toe Injury), Ethan Bear (Right Leg Injury)


Play-by-Play

1st period


0:01 of 1st period - Martin Necas wins face-off versus Matt Nieto in neutral zone.
0:28 of 1st period - Snap shot by J.T. Miller.
0:28 of 1st period - Stopped by Matt Murray with a rebound.
0:30 of 1st period - Snap shot by J.T. Miller.
0:30 of 1st period - Stopped by Matt Murray with a rebound.
1:11 of 1st period - Wrist shot by J.T. Miller.
1:11 of 1st period - Shot Blocked by Martin Necas.
1:23 of 1st period - Slapshot by Jack Roslovic.
1:23 of 1st period - Shot Misses the Net.
1:25 of 1st period - Snap shot by Jack Roslovic.
1:25 of 1st period - Shot Blocked by Mitchell Marner.
1:27 of 1st period - Slapshot by Jack Roslovic.
1:27 of 1st period - Stopped by Matt Murray with a rebound.
1:29 of 1st period - Wrist shot by Jack Roslovic.
1:29 of 1st period - Stopped by Matt Murray with a rebound.
2:19 of 1st period - Snap shot by Jack Roslovic.
2:19 of 1st period - Stopped by Matt Murray with a rebound.
2:31 of 1st period - Snap shot by Martin Necas.
2:31 of 1st period - Shot Misses the Net.
2:37 of 1st period - Backhand shot by J.T. Miller.
2:37 of 1st period - Stopped by Matt Murray with a rebound.
2:39 of 1st period - Snap shot by Jack Roslovic.
2:39 of 1st period - Shot Blocked by Mitchell Marner.
2:41 of 1st period - Slapshot by Matt Nieto.
2:41 of 1st period - Stopped by Matt Murray with a rebound.
2:43 of 1st period - Slapshot by Dmitry Orlov.
2:43 of 1st period - Stopped by Matt Murray without a rebound.
2:44 of 1st period - Matthew Beniers wins face-off versus Filip Chytil in Lightning zone.
2:45 of 1st period - Wrist shot by Charlie Coyle.
2:45 of 1st period - Stopped by Matt Murray with a rebound.
2:47 of 1st period - Wrist shot by Lawson Crouse.
2:47 of 1st period - Shot Misses the Net.
3:57 of 1st period - William Carrier is hit by Chad Ruhwedel and loses puck.
4:59 of 1st period - Icing by Nikita Zadorov.
5:00 of 1st period - Frederick Gaudreau wins face-off versus Lawson Crouse in Lightning zone.
6:02 of 1st period - Derek Ryan is hit by Riley Stillman and loses puck.
7:31 of 1st period - Tyler Myers is hit by William Carrier.
11:04 of 1st period - Matt Nieto is hit by Mitchell Marner and loses puck.
11:08 of 1st period - Icing by Chad Ruhwedel.
11:09 of 1st period - Matt Nieto wins face-off versus Martin Necas in Penguins zone.
11:24 of 1st period - Tyler Myers is hit by Morgan Geekie and loses puck.
11:59 of 1st period - Slapshot by Mikael Granlund.
11:59 of 1st period - Stopped by Matt Murray with a rebound.
12:01 of 1st period - Wrist shot by Derek Ryan.
12:01 of 1st period - Goal by Derek Ryan - Lightning : 0 - Penguins : 1.
12:02 of 1st period - Matthew Beniers wins face-off versus Filip Chytil in neutral zone.
12:07 of 1st period - Snap shot by Charlie Coyle.
12:07 of 1st period - Stopped by Matt Murray without a rebound.
12:08 of 1st period - Lawson Crouse wins face-off versus Filip Chytil in Lightning zone.
12:35 of 1st period - Matt Nieto is hit by Mitchell Marner and loses puck.
13:02 of 1st period - Wrist shot by Stefan Noesen.
13:02 of 1st period - Deflect By T.J. Oshie.
13:02 of 1st period - Stopped by Matt Murray without a rebound.
13:03 of 1st period - Filip Chytil wins face-off versus Matthew Beniers in Lightning zone.
13:10 of 1st period - Snap shot by Jakob Silfverberg.
13:10 of 1st period - Shot Blocked by Vladislav Kolyachonok.
13:28 of 1st period - Tyler Myers is hit by Nicolas Deslauriers.
13:36 of 1st period - Snap shot by Matthew Beniers.
13:36 of 1st period - Shot Misses the Net.
14:55 of 1st period - Snap shot by William Carrier.
14:55 of 1st period - Stopped by Spencer Knight without a rebound.
14:56 of 1st period - Martin Necas wins face-off versus Matthew Beniers in Penguins zone.
14:57 of 1st period - Wrist shot by Mitchell Marner.
14:57 of 1st period - Stopped by Spencer Knight without a rebound.
14:58 of 1st period - Matthew Beniers wins face-off versus Martin Necas in Penguins zone.
15:27 of 1st period - Snap shot by Evgeni Dadonov.
15:27 of 1st period - Shot Misses the Net.
15:29 of 1st period - Snap shot by Evgeni Dadonov.
15:29 of 1st period - Shot Misses the Net.
15:31 of 1st period - Wrist shot by Evgeni Dadonov.
15:31 of 1st period - Shot Misses the Net.
15:33 of 1st period - Wrist shot by Frederick Gaudreau.
15:33 of 1st period - Stopped by Spencer Knight with a rebound.
16:03 of 1st period - Snap shot by Matthew Beniers.
16:03 of 1st period - Shot Misses the Net.
17:18 of 1st period - Wrist shot by Charlie Coyle.
17:18 of 1st period - Shot Misses the Net.
17:44 of 1st period - Martin Necas is hit by T.J. Oshie and loses puck.
18:47 of 1st period - William Carrier is hit by Charlie Coyle and loses puck.
19:45 of 1st period - Charlie Coyle is hit by Nick Foligno and loses puck.
19:58 of 1st period - Martin Necas is hit by Chad Ruhwedel and loses puck.
Goals for this period are 0 for Lightning vs 1 for Penguins.
Shots for this period are 3 for Lightning vs 13 for Penguins.

2nd period


0:01 of 2nd period - Filip Chytil wins face-off versus Matthew Beniers in neutral zone.
1:00 of 2nd period - Icing by Nikita Zadorov.
1:01 of 2nd period - Mikael Granlund wins face-off versus Martin Necas in Lightning zone.
1:04 of 2nd period - Wrist shot by Mikael Granlund.
1:04 of 2nd period - Shot Misses the Net.
1:06 of 2nd period - Snap shot by Mikael Granlund.
1:06 of 2nd period - Stopped by Matt Murray with a rebound.
1:08 of 2nd period - Slapshot by T.J. Oshie.
1:08 of 2nd period - Shot Misses the Net.
1:10 of 2nd period - Slapshot by Ryan Murray.
1:10 of 2nd period - Shot Blocked by Anthony Deangelo.
1:12 of 2nd period - Slapshot by Stefan Noesen.
1:12 of 2nd period - Shot Misses the Net.
1:26 of 2nd period - Nikita Zadorov is hit by J.T. Miller and loses puck.
1:33 of 2nd period - Snap shot by J.T. Miller.
1:33 of 2nd period - Stopped by Matt Murray with a rebound.
1:45 of 2nd period - Slapshot by Filip Chytil.
1:45 of 2nd period - Shot Misses the Net.
1:49 of 2nd period - Snap shot by Teddy Blueger.
1:49 of 2nd period - Shot Blocked by Tyler Myers.
1:51 of 2nd period - Wrist shot by Nikita Zadorov.
1:51 of 2nd period - Shot Misses the Net.
1:53 of 2nd period - Wrist shot by Nikita Zadorov.
1:53 of 2nd period - Stopped by Spencer Knight with a rebound.
1:55 of 2nd period - Slapshot by Filip Chytil.
1:55 of 2nd period - Shot Misses the Net.
1:57 of 2nd period - Wrist shot by Teddy Blueger.
1:57 of 2nd period - Stopped by Spencer Knight with a rebound.
2:11 of 2nd period - Frederick Gaudreau is hit by Lawson Crouse and loses puck.
2:28 of 2nd period - Dmitry Orlov is hit by Teddy Blueger.
3:15 of 2nd period - Off-side.
3:16 of 2nd period - Matt Nieto wins face-off versus Martin Necas in neutral zone.
3:19 of 2nd period - Riley Stillman is hit by J.T. Miller and loses puck.
3:24 of 2nd period - Snap shot by J.T. Miller.
3:24 of 2nd period - Stopped by Matt Murray with a rebound.
3:30 of 2nd period - Wrist shot by Jack Roslovic.
3:30 of 2nd period - Shot Misses the Net.
3:32 of 2nd period - Slapshot by Cale Makar.
3:32 of 2nd period - Deflect By J.T. Miller.
3:32 of 2nd period - Stopped by Matt Murray with a rebound.
3:44 of 2nd period - Wrist shot by Morgan Geekie.
3:44 of 2nd period - Stopped by Spencer Knight with a rebound.
3:46 of 2nd period - Wrist shot by Frederick Gaudreau.
3:46 of 2nd period - Shot Misses the Net.
3:48 of 2nd period - Wrist shot by Frederick Gaudreau.
3:48 of 2nd period - Shot Misses the Net.
3:50 of 2nd period - Snap shot by Evgeni Dadonov.
3:50 of 2nd period - Shot Blocked by Cale Makar.
3:52 of 2nd period - Slapshot by Evgeni Dadonov.
3:52 of 2nd period - Shot Hit the Post.
3:54 of 2nd period - Slapshot by Evgeni Dadonov.
3:54 of 2nd period - Deflect By Cale Makar.
3:54 of 2nd period - Stopped by Spencer Knight without a rebound.
3:55 of 2nd period - Mikael Granlund wins face-off versus Filip Chytil in Penguins zone.
4:08 of 2nd period - Snap shot by T.J. Oshie.
4:08 of 2nd period - Stopped by Matt Murray without a rebound.
4:09 of 2nd period - Filip Chytil wins face-off versus Matt Nieto in Lightning zone.
4:19 of 2nd period - Off-side.
4:20 of 2nd period - Mikael Granlund wins face-off versus Filip Chytil in neutral zone.
4:23 of 2nd period - Snap shot by Stefan Noesen.
4:23 of 2nd period - Goal by Stefan Noesen - Lightning : 0 - Penguins : 2.
4:24 of 2nd period - Filip Chytil wins face-off versus Jack Roslovic in neutral zone.
5:33 of 2nd period - Snap shot by Filip Chytil.
5:33 of 2nd period - Shot Misses the Net.
5:44 of 2nd period - Off-side.
5:45 of 2nd period - Nick Foligno wins face-off versus Matt Nieto in neutral zone.
6:24 of 2nd period - Slapshot by Miro Heiskanen.
6:24 of 2nd period - Shot Misses the Net.
6:34 of 2nd period - Slapshot by Mitchell Marner.
6:34 of 2nd period - Stopped by Spencer Knight without a rebound.
6:35 of 2nd period - Mikael Granlund wins face-off versus Martin Necas in Penguins zone.
6:39 of 2nd period - Off-side.
6:40 of 2nd period - Mikael Granlund wins face-off versus Martin Necas in neutral zone.
6:48 of 2nd period - Snap shot by Mitchell Marner.
6:48 of 2nd period - Stopped by Spencer Knight with a rebound.
6:50 of 2nd period - Slapshot by Miro Heiskanen.
6:50 of 2nd period - Stopped by Spencer Knight with a rebound.
6:58 of 2nd period - Snap shot by Mitchell Marner.
6:58 of 2nd period - Stopped by Spencer Knight with a rebound.
7:00 of 2nd period - Wrist shot by Martin Necas.
7:00 of 2nd period - Shot Blocked by Cale Makar.
7:02 of 2nd period - Slapshot by Martin Necas.
7:02 of 2nd period - Stopped by Spencer Knight with a rebound.
7:04 of 2nd period - Backhand shot by Anthony Deangelo.
7:04 of 2nd period - Shot Blocked by Chad Ruhwedel.
7:08 of 2nd period - Snap shot by Mitchell Marner.
7:08 of 2nd period - Stopped by Spencer Knight with a rebound.
7:12 of 2nd period - Wrist shot by Mitchell Marner.
7:12 of 2nd period - Stopped by Spencer Knight with a rebound.
7:38 of 2nd period - Snap shot by Mitchell Marner.
7:38 of 2nd period - Shot Blocked by Cale Makar.
7:40 of 2nd period - Wrist shot by Nicolas Deslauriers.
7:40 of 2nd period - Deflect By Martin Necas.
7:40 of 2nd period - Goal by Martin Necas - Lightning : 1 - Penguins : 2.
7:41 of 2nd period - Filip Chytil wins face-off versus Matt Nieto in neutral zone.
7:43 of 2nd period - Off-side.
7:44 of 2nd period - Filip Chytil wins face-off versus Matt Nieto in neutral zone.
7:49 of 2nd period - Wrist shot by Filip Chytil.
7:49 of 2nd period - Stopped by Spencer Knight without a rebound.
7:50 of 2nd period - Matt Nieto wins face-off versus Filip Chytil in Penguins zone.
7:54 of 2nd period - Off-side.
7:55 of 2nd period - Filip Chytil wins face-off versus Matt Nieto in neutral zone.
8:02 of 2nd period - Slapshot by Filip Chytil.
8:02 of 2nd period - Shot Blocked by Tyler Myers.
8:08 of 2nd period - Snap shot by Filip Chytil.
8:08 of 2nd period - Stopped by Spencer Knight without a rebound.
8:09 of 2nd period - Martin Necas wins face-off versus Matthew Beniers in Penguins zone.
9:08 of 2nd period - Wrist shot by Jack Roslovic.
9:08 of 2nd period - Shot Blocked by Morgan Geekie.
9:10 of 2nd period - Slapshot by Matt Nieto.
9:10 of 2nd period - Stopped by Matt Murray with a rebound.
9:12 of 2nd period - Snap shot by J.T. Miller.
9:12 of 2nd period - Shot Misses the Net.
9:14 of 2nd period - Backhand shot by Tyler Myers.
9:14 of 2nd period - Deflect By Evgeni Dadonov.
9:14 of 2nd period - Stopped by Matt Murray without a rebound.
9:15 of 2nd period - Martin Necas wins face-off versus Charlie Coyle in Lightning zone.
9:21 of 2nd period - Icing by Mitchell Marner.
9:22 of 2nd period - Martin Necas wins face-off versus Matthew Beniers in Lightning zone.
9:37 of 2nd period - Snap shot by Matthew Beniers.
9:37 of 2nd period - Shot Misses the Net.
9:49 of 2nd period - Snap shot by Mitchell Marner.
9:49 of 2nd period - Shot Blocked by Charlie Coyle.
9:51 of 2nd period - Wrist shot by Mitchell Marner.
9:51 of 2nd period - Stopped by Spencer Knight with a rebound.
9:53 of 2nd period - Snap shot by Martin Necas.
9:53 of 2nd period - Shot Blocked by Ryan Murray.
9:55 of 2nd period - Slapshot by Nikita Zadorov.
9:55 of 2nd period - Shot Blocked by Dmitry Orlov.
9:57 of 2nd period - Slapshot by Nikita Zadorov.
9:57 of 2nd period - Stopped by Spencer Knight without a rebound.
9:58 of 2nd period - Filip Chytil wins face-off versus Matt Nieto in Penguins zone.
10:30 of 2nd period - Slapshot by Cale Makar.
10:30 of 2nd period - Deflect By Mikael Granlund.
10:30 of 2nd period - Stopped by Matt Murray with a rebound.
10:32 of 2nd period - Wrist shot by Stefan Noesen.
10:32 of 2nd period - Stopped by Matt Murray with a rebound.
10:34 of 2nd period - Wrist shot by Mikael Granlund.
10:34 of 2nd period - Stopped by Matt Murray with a rebound.
10:43 of 2nd period - Off-side.
10:44 of 2nd period - Martin Necas wins face-off versus Matthew Beniers in neutral zone.
10:53 of 2nd period - Slapshot by Martin Necas.
10:53 of 2nd period - Shot Misses the Net.
11:20 of 2nd period - Slapshot by Charlie Coyle.
11:20 of 2nd period - Shot Blocked by Martin Necas.
11:22 of 2nd period - Wrist shot by Charlie Coyle.
11:22 of 2nd period - Goal by Charlie Coyle - Lightning : 1 - Penguins : 3.
11:23 of 2nd period - Filip Chytil wins face-off versus Matt Nieto in neutral zone.
11:50 of 2nd period - Miro Heiskanen is hit by T.J. Oshie.
12:36 of 2nd period - Snap shot by Stefan Noesen.
12:36 of 2nd period - Shot Blocked by Nikita Zadorov.
12:38 of 2nd period - Snap shot by Stefan Noesen.
12:38 of 2nd period - Stopped by Matt Murray with a rebound.
12:40 of 2nd period - Snap shot by Alex Chiasson.
12:40 of 2nd period - Stopped by Matt Murray without a rebound.
12:41 of 2nd period - Martin Necas wins face-off versus Matt Nieto in Lightning zone.
12:43 of 2nd period - Minor Penalty to Nicolas Deslauriers for Boarding.
12:44 of 2nd period - Martin Necas wins face-off versus Mikael Granlund in Lightning zone.
12:58 of 2nd period - Wrist shot by Mikael Granlund.
12:58 of 2nd period - Shot Misses the Net.
13:00 of 2nd period - Snap shot by Mikael Granlund.
13:00 of 2nd period - Stopped by Matt Murray with a rebound.
14:43 of 2nd period - Penalty to Nicolas Deslauriers is over, Nicolas Deslauriers is back on ice.
15:14 of 2nd period - Snap shot by Jack Roslovic.
15:14 of 2nd period - Stopped by Matt Murray with a rebound.
15:39 of 2nd period - Snap shot by Anthony Deangelo.
15:39 of 2nd period - Deflect By Stefan Noesen.
15:39 of 2nd period - Stopped by Spencer Knight without a rebound.
15:40 of 2nd period - Nick Foligno wins face-off versus Matthew Beniers in Penguins zone.
15:41 of 2nd period - Wrist shot by William Carrier.
15:41 of 2nd period - Stopped by Spencer Knight without a rebound.
15:42 of 2nd period - Matthew Beniers wins face-off versus Filip Chytil in Penguins zone.
15:47 of 2nd period - Snap shot by Filip Chytil.
15:47 of 2nd period - Shot Misses the Net.
15:49 of 2nd period - Slapshot by Filip Chytil.
15:49 of 2nd period - Shot Misses the Net.
15:51 of 2nd period - Snap shot by Jakob Silfverberg.
15:51 of 2nd period - Stopped by Spencer Knight with a rebound.
15:53 of 2nd period - Slapshot by Teddy Blueger.
15:53 of 2nd period - Shot Misses the Net.
16:07 of 2nd period - Snap shot by Stefan Noesen.
16:07 of 2nd period - Shot Misses the Net.
16:15 of 2nd period - Wrist shot by T.J. Oshie.
16:15 of 2nd period - Shot Misses the Net.
16:25 of 2nd period - Morgan Geekie is hit by Matt Nieto and loses puck.
16:46 of 2nd period - Wrist shot by Teddy Blueger.
16:46 of 2nd period - Stopped by Spencer Knight with a rebound.
17:29 of 2nd period - Snap shot by J.T. Miller.
17:29 of 2nd period - Stopped by Matt Murray with a rebound.
18:05 of 2nd period - Slapshot by Cale Makar.
18:05 of 2nd period - Shot Blocked by Morgan Geekie.
18:07 of 2nd period - Slapshot by Cale Makar.
18:07 of 2nd period - Deflect By J.T. Miller.
18:07 of 2nd period - Stopped by Matt Murray without a rebound.
18:08 of 2nd period - Matt Nieto wins face-off versus Frederick Gaudreau in Lightning zone.
18:23 of 2nd period - Wrist shot by Lawson Crouse.
18:23 of 2nd period - Stopped by Matt Murray with a rebound.
18:25 of 2nd period - Slapshot by Chad Ruhwedel.
18:25 of 2nd period - Shot Blocked by Miro Heiskanen.
18:27 of 2nd period - Slapshot by Matthew Beniers.
18:27 of 2nd period - Deflect By Lawson Crouse.
18:27 of 2nd period - Shot Misses the Net.
18:27 of 2nd period - Puck is out of play.
18:28 of 2nd period - Matthew Beniers wins face-off versus Filip Chytil in Lightning zone.
19:21 of 2nd period - Morgan Geekie is hit by Mikael Granlund and loses puck.
19:34 of 2nd period - Slapshot by Zachary Werenski.
19:34 of 2nd period - Shot Misses the Net.
19:38 of 2nd period - Slapshot by Zachary Werenski.
19:38 of 2nd period - Stopped by Spencer Knight with a rebound.
19:40 of 2nd period - Slapshot by Zachary Werenski.
19:40 of 2nd period - Stopped by Spencer Knight with a rebound.
19:42 of 2nd period - Wrist shot by Nicolas Deslauriers.
19:42 of 2nd period - Shot Misses the Net.
Goals for this period are 1 for Lightning vs 2 for Penguins.
Shots for this period are 22 for Lightning vs 19 for Penguins.

3rd period


0:01 of 3rd period - Filip Chytil wins face-off versus Matt Nieto in neutral zone.
0:26 of 3rd period - Ryan Murray is hit by Zach Whitecloud and loses puck.
3:22 of 3rd period - Dmitry Orlov is hit by Evgeni Dadonov and loses puck.
4:04 of 3rd period - William Carrier is hit by Cale Makar.
4:28 of 3rd period - Off-side.
4:29 of 3rd period - Matt Nieto wins face-off versus Martin Necas in neutral zone.
5:02 of 3rd period - Slapshot by Cale Makar.
5:02 of 3rd period - Deflect By Matthew Beniers.
5:02 of 3rd period - Stopped by Matt Murray with a rebound.
5:37 of 3rd period - Wrist shot by Dmitry Orlov.
5:37 of 3rd period - Shot Misses the Net.
5:51 of 3rd period - Matthew Beniers is hit by Morgan Geekie and loses puck.
7:19 of 3rd period - Nicolas Deslauriers is hit by Lawson Crouse and loses puck.
8:04 of 3rd period - Icing by Vladislav Kolyachonok.
8:05 of 3rd period - Mikael Granlund wins face-off versus Frederick Gaudreau in Penguins zone.
8:32 of 3rd period - Charlie Coyle is hit by Nick Foligno and loses puck.
8:37 of 3rd period - Slapshot by Zachary Werenski.
8:37 of 3rd period - Stopped by Spencer Knight without a rebound.
8:38 of 3rd period - Jack Roslovic wins face-off versus Frederick Gaudreau in Penguins zone.
9:46 of 3rd period - Stefan Noesen is hit by Zachary Werenski and loses puck.
10:01 of 3rd period - Wrist shot by Jack Roslovic.
10:01 of 3rd period - Deflect By Anthony Deangelo.
10:01 of 3rd period - Shot Blocked by Anthony Deangelo.
10:01 of 3rd period - Puck is out of play.
10:02 of 3rd period - Jack Roslovic wins face-off versus Nick Foligno in Lightning zone.
10:11 of 3rd period - Slapshot by Jack Roslovic.
10:11 of 3rd period - Stopped by Matt Murray with a rebound.
10:35 of 3rd period - Wrist shot by Martin Necas.
10:35 of 3rd period - Shot Blocked by Ryan Murray.
10:37 of 3rd period - Slapshot by Anthony Deangelo.
10:37 of 3rd period - Stopped by Spencer Knight without a rebound.
10:38 of 3rd period - Matt Nieto wins face-off versus Martin Necas in Penguins zone.
10:47 of 3rd period - Wrist shot by J.T. Miller.
10:47 of 3rd period - Deflect By Jack Roslovic.
10:47 of 3rd period - Shot Misses the Net.
10:47 of 3rd period - Puck is out of play.
10:48 of 3rd period - Martin Necas wins face-off versus Matt Nieto in Lightning zone.
10:48 of 3rd period - Martin Necas is hit by J.T. Miller.
10:53 of 3rd period - Off-side.
10:54 of 3rd period - Filip Chytil wins face-off versus Matt Nieto in neutral zone.
11:26 of 3rd period - Off-side.
11:27 of 3rd period - Matthew Beniers wins face-off versus Martin Necas in neutral zone.
11:54 of 3rd period - Nicolas Deslauriers is hit by Vladislav Kolyachonok and loses puck.
12:20 of 3rd period - Wrist shot by Mikael Granlund.
12:20 of 3rd period - Shot Blocked by Evgeni Dadonov.
12:22 of 3rd period - Wrist shot by Stefan Noesen.
12:22 of 3rd period - Goal by Stefan Noesen - Lightning : 1 - Penguins : 4.
12:23 of 3rd period - Filip Chytil wins face-off versus Matt Nieto in neutral zone.
12:38 of 3rd period - Snap shot by Filip Chytil.
12:38 of 3rd period - Stopped by Spencer Knight without a rebound.
12:39 of 3rd period - Martin Necas wins face-off versus Matthew Beniers in Penguins zone.
12:48 of 3rd period - Wrist shot by Martin Necas.
12:48 of 3rd period - Goal by Martin Necas - Lightning : 2 - Penguins : 4.
12:49 of 3rd period - Matt Nieto wins face-off versus Filip Chytil in neutral zone.
13:14 of 3rd period - Jakob Silfverberg is hit by Lawson Crouse.
14:12 of 3rd period - Minor Penalty to Tyler Myers for Diving.
14:13 of 3rd period - Mikael Granlund wins face-off versus Martin Necas in Penguins zone.
14:23 of 3rd period - Off-side.
14:24 of 3rd period - Martin Necas wins face-off versus Mikael Granlund in neutral zone.
14:29 of 3rd period - Slapshot by Martin Necas.
14:29 of 3rd period - Shot Blocked by Dmitry Orlov.
14:31 of 3rd period - Backhand shot by Anthony Deangelo.
14:31 of 3rd period - Shot Misses the Net.
14:33 of 3rd period - Slapshot by Anthony Deangelo.
14:33 of 3rd period - Stopped by Spencer Knight without a rebound.
14:34 of 3rd period - Mikael Granlund wins face-off versus Martin Necas in Penguins zone.
15:16 of 3rd period - Nikita Zadorov is hit by Ryan Murray and loses puck.
15:57 of 3rd period - Dmitry Orlov is hit by Zachary Werenski and loses puck.
16:12 of 3rd period - Penalty to Tyler Myers is over, Tyler Myers is back on ice.
16:16 of 3rd period - Slapshot by Martin Necas.
16:16 of 3rd period - Stopped by Spencer Knight with a rebound.
16:18 of 3rd period - Slapshot by Nicolas Deslauriers.
16:18 of 3rd period - Shot Misses the Net.
16:20 of 3rd period - Slapshot by Zach Whitecloud.
16:20 of 3rd period - Shot Misses the Net.
16:22 of 3rd period - Slapshot by Zach Whitecloud.
16:22 of 3rd period - Shot Blocked by Cale Makar.
16:28 of 3rd period - Slapshot by Jakob Silfverberg.
16:28 of 3rd period - Stopped by Spencer Knight with a rebound.
16:30 of 3rd period - Wrist shot by Jakob Silfverberg.
16:30 of 3rd period - Shot Misses the Net.
16:32 of 3rd period - Wrist shot by Jakob Silfverberg.
16:32 of 3rd period - Deflect By Martin Necas.
16:32 of 3rd period - Stopped by Spencer Knight without a rebound.
16:33 of 3rd period - Derek Ryan wins face-off versus Filip Chytil in Penguins zone.
Goals for this period are 1 for Lightning vs 1 for Penguins.
Shots for this period are 8 for Lightning vs 3 for Penguins.